PUBAA
BEAUMONT ROUGHNECKS @ SPOKANE WORDS
05/28/1972
 
TOP OF THE 1ST
Beaumont Roughnecks batting - Pitching for Spokane Words : LHP Chris Fullerton
Pitching: LHP Chris Fullerton
Batting: RHB Ray Kemp 0-0: Foul Ball, location: 25F
0-1: Ball
1-1: Ball
2-1: Ball
3-1: Base on Balls
Batting: LHB Frank Hudson 0-0: Called Strike
0-1: Called Strike
0-2: Fly out, F8 (Line Drive, 89D, EV 107.5 MPH)
Batting: RHB Kratukarana Murugappa 0-0: Foul Ball, location: 3DF
0-1: Ball
1-1: Called Strike
1-2: Fly out, F8 (Flyball, 89D, EV 100.6 MPH)
Batting: SHB Mark Jewell 0-0: Ball
1-0: Called Strike
Ray Kemp steals 2nd base
1-1: Swinging Strike
1-2: Ball
2-2: Foul Ball, location: 3F
2-2: Ball
3-2: Base on Balls
Batting: RHB Shane Smith 0-0: Ball
1-0: Foul Ball, location: 2F
1-1: Called Strike
1-2: Strikes out looking
Top of the 1st over - 0 runs, 0 hits, 0 errors, 2 left on base; Beaumont 0 - Spokane 0
BOTTOM OF THE 1ST
Spokane Words batting - Pitching for Beaumont Roughnecks : RHP Bob Sadowski
Pitching: RHP Bob Sadowski
Batting: LHB David Marroquín 0-0: Ball
1-0: Ball
2-0: Foul Ball, location: 3F
2-1: Foul Ball, location: 7LMF
2-2: Fly out, F2 (Popup, 13S, EV 88.1 MPH)
Batting: RHB Jim Wohlford 0-0: Ball
1-0: Swinging Strike
1-1: Ball
2-1: Ground out 4-3 (Groundball, 4, EV 91.9 MPH)
Batting: LHB Myeong-hun Han 0-0: Ground out U3 (Groundball, 34, EV 110.0 MPH)
Bottom of the 1st over - 0 runs, 0 hits, 0 errors, 0 left on base; Beaumont 0 - Spokane 0
TOP OF THE 2ND
Beaumont Roughnecks batting - Pitching for Spokane Words : LHP Chris Fullerton
Batting: RHB Millard Taylor 0-0: Foul Ball, location: 2F
0-1: SINGLE (Line Drive, 7S, EV 105.0 MPH)
Batting: RHB Derek Henderson 0-0: Ball
Wild Pitch!
Millard Taylor to second
1-0: DOUBLE (Groundball, 5L, EV 98.1 MPH)
Millard Taylor scores
Batting: SHB Steve Payne 0-0: Called Strike
0-1: Ball
1-1: Foul Ball, location: 2F
1-2: SINGLE (Line Drive, 5D, EV 96.3 MPH)
Derek Henderson to third
Runner from 3rd tries for Home, SAFE, throw by LF to home
Batting: LHB Alejandro Guerrero 0-0: Ball
1-0: 2-RUN HOME RUN (Flyball, 89XD, EV 111.9 MPH), Distance : 448 ft
Batting: RHB Ray Kemp 0-0: Called Strike
0-1: Fly out, F8 (Line Drive, 8RM, EV 91.9 MPH)
Batting: LHB Frank Hudson 0-0: Ball
1-0: Ball
2-0: Called Strike
2-1: SINGLE (Line Drive, 34D, EV 101.9 MPH)
Batting: RHB Kratukarana Murugappa 0-0: Ball
1-0: Ball
2-0: Called Strike
2-1: Ball
3-1: Base on Balls
Frank Hudson to second
Batting: SHB Mark Jewell 0-0: Called Strike
0-1: Ball
1-1: Called Strike
1-2: Foul Ball, location: 2F
1-2: Ball
2-2: Foul Ball, location: 25FF
2-2: Foul Ball, location: 3FF
2-2: Foul Ball, location: 3F
2-2: Foul Ball, location: 2F
2-2: Foul Ball, location: 2F
2-2: Foul Ball, location: 9LSF
2-2: Foul Ball, location: 2F
2-2: Ball
3-2: Foul Ball, location: 9LDF
3-2: Foul Ball, location: 9LSF
3-2: Base on Balls
Frank Hudson to third
Kratukarana Murugappa to second
Batting: RHB Shane Smith 0-0: Ball
1-0: Called Strike
1-1: Fielders Choice at 2nd, 5-4 (Groundball, 56, EV 86.3 MPH)
Frank Hudson scores
Kratukarana Murugappa to third
Batting: RHB Millard Taylor 0-0: Ball
1-0: Ball
Wild Pitch!
Kratukarana Murugappa scores
Shane Smith to second
2-0: Swinging Strike
2-1: Ground out 6-3 (Groundball, 6, EV 85.6 MPH)
Top of the 2nd over - 6 runs, 5 hits, 0 errors, 1 left on base; Beaumont 6 - Spokane 0
BOTTOM OF THE 2ND
Spokane Words batting - Pitching for Beaumont Roughnecks : RHP Bob Sadowski
Batting: LHB Tim Gates 0-0: Ball
1-0: SINGLE (Line Drive, 6D, EV 107.5 MPH)
Batting: RHB Paul Trewin 0-0: Foul Ball, location: 7LMFF
0-1: Ground out 4-3 (Groundball, 4, EV 71.9 MPH)
Tim Gates to second
Batting: LHB Mike Marshall 0-0: Ball
1-0: SINGLE (Line Drive, 89S, EV 104.4 MPH)
Tim Gates to third
Runner from 3rd tries for Home, SAFE, throw by CF to home
Batting: RHB Brent Miller 0-0: Ball
1-0: Called Strike
1-1: Grounds into double play, 4-6-3 (Groundball, 4, EV 83.1 MPH)
Bottom of the 2nd over - 1 run, 2 hits, 0 errors, 0 left on base; Beaumont 6 - Spokane 1
TOP OF THE 3RD
Beaumont Roughnecks batting - Pitching for Spokane Words : LHP Chris Fullerton
Pitching: RHP Earl Riley
Batting: RHB Craig Alvarado 0-0: Called Strike
0-1: Called Strike
0-2: Ball
1-2: Strikes out swinging
Batting: SHB Steve Payne 0-0: Called Strike
0-1: Foul Ball, location: 25F
0-2: DOUBLE (Line Drive, 89D, EV 99.4 MPH)
Batting: LHB Alejandro Guerrero 0-0: Swinging Strike
0-1: Foul Ball, location: 2F
0-2: Strikes out looking
Batting: RHB Ray Kemp 0-0: SINGLE (Line Drive, 9LS, EV 106.3 MPH)
Steve Payne to third
Batting: LHB Frank Hudson 0-0: Ball
1-0: Ball
2-0: Ball
3-0: Base on Balls
Ray Kemp to second
Batting: RHB Kratukarana Murugappa 0-0: Foul Ball, location: 2F
0-1: Called Strike
0-2: Ball
1-2: Ball
2-2: SINGLE (Groundball, 6MD, EV 106.3 MPH)
Steve Payne scores
Ray Kemp to third
Frank Hudson to second
Runner from 3rd tries for Home, SAFE, throw by CF to home
Batting: SHB Mark Jewell 0-0: Foul Ball, location: 7LMF
0-1: Swinging Strike
0-2: Strikes out swinging
Top of the 3rd over - 2 runs, 3 hits, 0 errors, 2 left on base; Beaumont 8 - Spokane 1
BOTTOM OF THE 3RD
Spokane Words batting - Pitching for Beaumont Roughnecks : RHP Bob Sadowski
Batting: RHB Dave Roberts 0-0: Ground out 6-3 (Groundball, 6, EV 81.9 MPH)
Batting: RHB Joe Rombouts 0-0: Called Strike
0-1: Ball
1-1: Called Strike
1-2: Ball
2-2: Fly out, F7 (Flyball, 7, EV 95.6 MPH)
Batting: LHB David Marroquín 0-0: Swinging Strike
0-1: Ball
1-1: Foul Ball, location: 2F
1-2: Foul Ball, location: 9LMF
1-2: Ground out 2-3 (Groundball, 15S, EV 67.5 MPH)
Bottom of the 3rd over - 0 runs, 0 hits, 0 errors, 0 left on base; Beaumont 8 - Spokane 1
TOP OF THE 4TH
Beaumont Roughnecks batting - Pitching for Spokane Words : RHP Earl Riley
Batting: RHB Shane Smith 0-0: Foul Ball, location: 9LDF
0-1: Ground out 5-3 (Groundball, 56S, EV 88.1 MPH)
Batting: RHB Millard Taylor 0-0: Called Strike
0-1: Called Strike
0-2: Ball
1-2: Strikes out looking
Batting: RHB Craig Alvarado 0-0: Ball
1-0: Ball
2-0: Called Strike
2-1: Foul Ball, location: 25F
2-2: Ball
3-2: Base on Balls
Batting: SHB Steve Payne 0-0: Ball
1-0: Ball
2-0: Ball
3-0: Called Strike
3-1: Base on Balls
Craig Alvarado to second
Batting: LHB Alejandro Guerrero 0-0: Swinging Strike
0-1: Swinging Strike
0-2: Ball
1-2: Strikes out looking
Top of the 4th over - 0 runs, 0 hits, 0 errors, 2 left on base; Beaumont 8 - Spokane 1
BOTTOM OF THE 4TH
Spokane Words batting - Pitching for Beaumont Roughnecks : RHP Bob Sadowski
Batting: RHB Jim Wohlford 0-0: Foul Ball, location: 2F
0-1: Foul Ball, location: 9LSF
0-2: SINGLE (Groundball, 56D, EV 95.6 MPH) (infield hit)
Batting: LHB Myeong-hun Han 0-0: Ball
1-0: SINGLE (Popup, 5S, EV 68.8 MPH)
Jim Wohlford to second
Batting: LHB Tim Gates 0-0: Ball
1-0: SINGLE (Line Drive, 56, EV 103.1 MPH)
Jim Wohlford to third
Myeong-hun Han to second
Batting: RHB Paul Trewin 0-0: Ball
1-0: Ball
2-0: SINGLE (Groundball, 4MD, EV 108.1 MPH)
Jim Wohlford scores
Myeong-hun Han to third
Tim Gates to second
Batting: LHB Mike Marshall 0-0: Called Strike
0-1: Swinging Strike
0-2: Ball
1-2: Foul Ball, location: 25FF
1-2: Ball
2-2: Ball
Passed Ball!
Myeong-hun Han scores
Tim Gates to third
Paul Trewin to second
3-2: Foul Ball, location: 2F
3-2: Fly out, F5 (Popup, 15, EV 88.1 MPH)
Batting: RHB Brent Miller 0-0: Ball
1-0: Ground out 5-3 (Groundball, 5, EV 80.6 MPH)
Batting: RHB Dave Roberts 0-0: Called Strike
0-1: Called Strike
0-2: Strikes out swinging
Bottom of the 4th over - 2 runs, 4 hits, 0 errors, 2 left on base; Beaumont 8 - Spokane 3
TOP OF THE 5TH
Beaumont Roughnecks batting - Pitching for Spokane Words : RHP Earl Riley
Batting: RHB Ray Kemp 0-0: Ball
1-0: Foul Ball, location: 9LSF
1-1: Ball
2-1: Foul Ball, location: 25F
2-2: Strikes out looking
Batting: LHB Frank Hudson 0-0: Ball
1-0: Ball
2-0: Foul Ball, location: 2LF
2-1: Swinging Strike
2-2: Fly out, F9 (Line Drive, 9, EV 105.6 MPH)
Batting: RHB Kratukarana Murugappa 0-0: Ball
1-0: Ball
2-0: SINGLE (Groundball, 6MD, EV 98.8 MPH)
Batting: SHB Mark Jewell 0-0: Ball
Kratukarana Murugappa is caught stealing 2nd base 2-6
Top of the 5th over - 0 runs, 1 hit, 0 errors, 0 left on base; Beaumont 8 - Spokane 3
BOTTOM OF THE 5TH
Spokane Words batting - Pitching for Beaumont Roughnecks : RHP Bob Sadowski
Batting: RHB Joe Rombouts 0-0: Fly out, F8 (Flyball, 78M, EV 91.3 MPH)
Batting: LHB David Marroquín 0-0: Fly out, F9 (Line Drive, 9S, EV 90.0 MPH)
Batting: RHB Jim Wohlford 0-0: Called Strike
0-1: Foul Ball, location: 9LDF
0-2: Ball
1-2: Foul Ball, location: 3SF
1-2: Ground out 4-3 (Groundball, 4, EV 86.9 MPH)
Bottom of the 5th over - 0 runs, 0 hits, 0 errors, 0 left on base; Beaumont 8 - Spokane 3
TOP OF THE 6TH
Beaumont Roughnecks batting - Pitching for Spokane Words : RHP Earl Riley
Batting: SHB Mark Jewell 0-0: Ball
1-0: DOUBLE (Flyball, 89XD, EV 112.5 MPH)
Batting: RHB Shane Smith 0-0: Called Strike
0-1: Ball
1-1: Swinging Strike
1-2: Strikes out swinging
Batting: RHB Millard Taylor 0-0: Called Strike
0-1: Foul Ball, location: 3F
0-2: Ball
1-2: Fly out, F2 (Popup, 5SF, EV 85.6 MPH)
Batting: RHB Craig Alvarado 0-0: Ball
1-0: Ball
2-0: Ball
3-0: Called Strike
3-1: Foul Ball, location: 2F
3-2: Fly out, F8 (Flyball, 89D, EV 93.8 MPH)
Top of the 6th over - 0 runs, 1 hit, 0 errors, 1 left on base; Beaumont 8 - Spokane 3
BOTTOM OF THE 6TH
Spokane Words batting - Pitching for Beaumont Roughnecks : RHP Bob Sadowski
Batting: LHB Myeong-hun Han 0-0: Foul Ball, location: 3FF
0-1: SINGLE (Line Drive, 8LS, EV 108.8 MPH)
Batting: LHB Tim Gates 0-0: Called Strike
0-1: Fielders Choice at 2nd, 5-4 (Groundball, 5, EV 87.5 MPH)
Batting: RHB Paul Trewin 0-0: Ball
1-0: Grounds into double play, 6-4-3 (Groundball, 6, EV 77.5 MPH)
Bottom of the 6th over - 0 runs, 1 hit, 0 errors, 0 left on base; Beaumont 8 - Spokane 3
TOP OF THE 7TH
Beaumont Roughnecks batting - Pitching for Spokane Words : RHP Earl Riley
Batting: SHB Steve Payne 0-0: Ball
1-0: Ball
2-0: Ball
3-0: Called Strike
3-1: Foul Ball, location: 3F
3-2: Base on Balls
Pitching: LHP Dave Crane
Batting: LHB Alejandro Guerrero 0-0: Called Strike
0-1: Ball
1-1: Fly out, F3 (Popup, 3SF, EV 75.0 MPH)
Batting: RHB Ray Kemp 0-0: SINGLE (Groundball, 4MD, EV 108.8 MPH)
Steve Payne to second
Batting: LHB Frank Hudson 0-0: Ball
1-0: Ball
2-0: Ball
3-0: Called Strike
3-1: SINGLE (Groundball, 34D, EV 99.4 MPH)
Steve Payne to third
Ray Kemp to second
Batting: RHB Kratukarana Murugappa 0-0: Called Strike
0-1: Ball
1-1: Foul Ball, location: 25F
1-2: Ball
2-2: Fly out, F3 (Flyball, 34D, EV 85.6 MPH)
Batting: SHB Mark Jewell 0-0: SINGLE (Groundball, 34D, EV 100.6 MPH)
Steve Payne scores
Ray Kemp to third
Frank Hudson to second
Throwing error, E9
Ray Kemp scores
Frank Hudson to third
Mark Jewell to second
Batting: RHB Shane Smith 0-0: SINGLE (Groundball, 6, EV 81.9 MPH)
Frank Hudson scores
Mark Jewell to third
Batting: RHB Millard Taylor 0-0: Foul Ball, location: 9LMF
0-1: Swinging Strike
0-2: Ball
1-2: Strikes out swinging
Top of the 7th over - 3 runs, 4 hits, 1 error, 2 left on base; Beaumont 11 - Spokane 3
BOTTOM OF THE 7TH
Spokane Words batting - Pitching for Beaumont Roughnecks : RHP Bob Sadowski
Batting: LHB Mike Marshall 0-0: Ball
1-0: Called Strike
1-1: Ball
2-1: Ball
3-1: Base on Balls
Batting: RHB Brent Miller 0-0: Ball
1-0: SINGLE (Line Drive, 4D, EV 104.4 MPH)
Mike Marshall to second
Batting: RHB Dave Roberts 0-0: Foul Ball, location: 9LMF
0-1: Called Strike
0-2: Foul Ball, location: 3FF
0-2: Ball
1-2: SINGLE (Line Drive, 7S, EV 104.4 MPH)
Mike Marshall to third
Brent Miller to second
Batting: RHB Joe Rombouts 0-0: Called Strike
0-1: Grounds into fielders choice 5-2 (Groundball, 56, EV 78.1 MPH)
Brent Miller to third
Dave Roberts to second
Pinch Hitting: RHB Jorge Gómez 0-0: Foul Ball, location: 2LF
0-1: Called Strike
0-2: Foul Ball, location: 2F
0-2: Fly out, F8 (Flyball, 8RD, EV 97.5 MPH)
Runner from 3rd tags up, SCORES, throw by CF
Dave Roberts to third
Batting: RHB Jim Wohlford 0-0: Ball
1-0: Ball
2-0: Called Strike
2-1: Foul Ball, location: 3F
2-2: Strikes out swinging
Bottom of the 7th over - 1 run, 2 hits, 0 errors, 2 left on base; Beaumont 11 - Spokane 4
TOP OF THE 8TH
Beaumont Roughnecks batting - Pitching for Spokane Words : LHP Dave Crane
Now in CF: Jorge Gómez
Batting: RHB Craig Alvarado 0-0: Swinging Strike
0-1: Ball
1-1: Called Strike
1-2: Foul Ball, location: 9LSF
1-2: Ground out 3-1 (Groundball, 34, EV 89.4 MPH)
Batting: SHB Steve Payne 0-0: Called Strike
0-1: Foul Ball, location: 5F
0-2: Ball
1-2: Ball
2-2: Strikes out swinging
Batting: LHB Alejandro Guerrero 0-0: Called Strike
0-1: Ball
1-1: Ball
2-1: SINGLE (Groundball, 6MD, EV 103.8 MPH)
Batting: RHB Ray Kemp 0-0: Ball
1-0: Fly out, F7 (Flyball, 7, EV 93.8 MPH)
Top of the 8th over - 0 runs, 1 hit, 0 errors, 1 left on base; Beaumont 11 - Spokane 4
BOTTOM OF THE 8TH
Spokane Words batting - Pitching for Beaumont Roughnecks : RHP Bob Sadowski
Pinch Hitting: RHB Nacho Reyes 0-0: Foul Ball, location: 25FF
0-1: Fly out, F8 (Line Drive, 8LM, EV 92.5 MPH)
Pinch Hitting: SHB Ray Ellis 0-0: Called Strike
0-1: Ball
1-1: Ground out 4-3 (Groundball, 34D, EV 101.9 MPH)
Pinch Hitting: RHB Ken Ross 0-0: Called Strike
0-1: Ground out 6-3 (Groundball, 6MS, EV 78.8 MPH)
Bottom of the 8th over - 0 runs, 0 hits, 0 errors, 0 left on base; Beaumont 11 - Spokane 4
TOP OF THE 9TH
Beaumont Roughnecks batting - Pitching for Spokane Words : LHP Dave Crane
Now at 1B: Ken Ross
Now in LF: Ray Ellis
Now in RF: Nacho Reyes
Batting: LHB Frank Hudson 0-0: Ball
1-0: Ball
2-0: Swinging Strike
2-1: Ball
3-1: Ground out 6-3 (Groundball, 6, EV 101.9 MPH)
Batting: RHB Kratukarana Murugappa 0-0: Ball
1-0: Called Strike
1-1: Ball
2-1: Foul Ball, location: 9LMF
2-2: Foul Ball, location: 2F
2-2: Ground out 4-3 (Groundball, 4M, EV 85.6 MPH)
Batting: SHB Mark Jewell 0-0: Swinging Strike
0-1: TRIPLE (Flyball, 8RXD, EV 88.1 MPH)
Batting: RHB Shane Smith 0-0: Ball
1-0: Ball
2-0: Ball
3-0: Called Strike
3-1: Base on Balls
Batting: RHB Millard Taylor 0-0: Ball
1-0: SINGLE (Groundball, 34D, EV 96.3 MPH)
Mark Jewell scores
Shane Smith to second
Runner from 2nd tries for 3rd, SAFE, no throw by RF
Batting: RHB Craig Alvarado 0-0: Ball
1-0: Ball
2-0: Called Strike
2-1: Ball
3-1: Fly out, F4 (Popup, 3S, EV 78.8 MPH)
Top of the 9th over - 1 run, 2 hits, 0 errors, 2 left on base; Beaumont 12 - Spokane 4
BOTTOM OF THE 9TH
Spokane Words batting - Pitching for Beaumont Roughnecks : RHP Bob Sadowski
Batting: LHB Mike Marshall 0-0: Foul Ball, location: 9LDF
0-1: SINGLE (Line Drive, 34D, EV 96.3 MPH)
Pitching: RHP Cam Ball
Pinch Hitting: RHB Miguel Quiñones 0-0: Called Strike
0-1: Ball
1-1: Ball
2-1: Ball
3-1: Grounds into double play, 5-4-3 (Groundball, 56, EV 91.3 MPH)
Batting: RHB Dave Roberts 0-0: Called Strike
0-1: Called Strike
0-2: Foul Ball, location: 9LSF
0-2: Foul Ball, location: 2F
0-2: Ball
1-2: Ball
2-2: Ball
3-2: Foul Ball, location: 2F
3-2: Base on Balls
Batting: RHB Joe Rombouts 0-0: Ball
1-0: Called Strike
1-1: Fielders Choice at 2nd, 5-4 (Groundball, 56, EV 78.1 MPH)
Bottom of the 9th over - 0 runs, 1 hit, 0 errors, 1 left on base; Beaumont 12 - Spokane 4
Thursday, March 21st , 2024 - OOTP Baseball 24.8 Build 75